 Dungeon Crawl Stone Soup version 0.19-a0-1899-g2d93087 (webtiles) character file.

65 Amnesiac the Ruffian (level 3, 0/36 HPs)
             Began as a Troll Berserker on Oct 19, 2016.
             Was a Follower of Trog.
             Succumbed to an adder's poison
             ... on level 4 of the Dungeon.
             The game lasted 00:01:09 (273 turns).

Amnesiac the Ruffian (Troll Berserker)               Turns: 273, Time: 00:01:10

Health: 0/36       AC:  6    Str: 25    XL:     3   Next: 92%
Magic:  2/2        EV: 10    Int:  3    God:    Trog [*.....]
Gold:   17         SH:  0    Dex: 10    Spells: 0 memorised, 2 levels left

rFire  . . .     SeeInvis .       - Unarmed
rCold  . . .     Gourm    +     a - +0 animal skin
rNeg   . . .     Faith    .     (no shield)
rPois  .         Spirit   .     (helmet restricted)
rElec  .         Reflect  .     e - +0 cloak
rCorr  .         Harm     .     (gloves unavailable)
MR     .....                    (boots unavailable)
Stlth  +.........               (no amulet)
                                (no ring)
                                (no ring)

@: lethally poisoned (0 -> 0)
A: unfitting armour, claws 3, fast metabolism 3, gourmand, regeneration 1,
shaggy fur 1, tough skin 2
a: Berserk, Burn Spellbooks, Renounce Religion


You were on level 4 of the Dungeon.
You worshipped Trog.
Trog was aware of your devotion.
You were not hungry.

You visited 1 branch of the dungeon, and saw 4 of its levels.

You collected 17 gold pieces.

Inventory:

Armour
 a - a +0 animal skin (worn)
 e - a +0 cloak (worn)
Scrolls
 c - a scroll of identify {unknown}
 g - a scroll of remove curse {unknown}
Comestibles
 b - 2 bread rations
 d - a fruit
 f - 5 chunks of flesh


   Skills:
 + Level 2.8 Fighting
 + Level 2.8 Dodging
 * Level 4.1 Unarmed Combat


You had 2 spell levels left.
You didn't know any spells.

Dungeon Overview and Level Annotations

Branches:
Dungeon (4/15)
 Temple: D:4-7

Altars:
Cheibriados


Innate Abilities, Weirdness & Mutations

You are too large for most types of armour.
You have claws for hands.
Your metabolism is lightning-fast.
You like to eat raw meat.
Your natural rate of healing is unusually fast.
You are covered in fur. (AC +1)
You have very tough skin. (AC +2)


Message History

You kill the adder!
Trog accepts your kill.
You feel sick. The jackal closely misses you.
You claw the jackal!
You kill the jackal!
Trog accepts your kill.
You feel sick.
You miss the jackal.
You feel sick.
The jackal bites you but does no damage.
The jackal bites you.
* * * LOW HITPOINT WARNING * * *
You claw the jackal!
You kill the jackal!
Trog accepts your kill.
You feel less exhausted.
* * * LOW HITPOINT WARNING * * *
You feel sick.
You see here an adder corpse.
You butcher the adder corpse.
You die...

..........# .........?#
..........# ....
..........# ....
.........## .....
........# #.....
##.#.####..#..###......
........@..............
###.....####...........
####..# ##.##<.#.. #..#
#......#
#..#.............
##...#####....### #...
.....# #..# ....... ..#
###.#..(


There were no monsters in sight!

Vanquished Creatures
  An orc priest (D:3)
  An adder (D:4)
  A dart slug (D:1)
  A leopard gecko (D:3)
  4 orcs (D:3)
  3 goblins (D:3)
  3 jackals (D:4)
  A ball python (D:3)
  2 bats (D:1)
  A frilled lizard (D:3)
  2 kobolds
  A rat (D:1)
  A plant (D:1)
22 creatures vanquished.

Notes
Turn   | Place    | Note
-------+----------+-------------------------------------------
     0 | D:1      | Amnesiac the Troll Berserker began the quest for the Orb.
     0 | D:1      | Reached XP level 1. HP: 22/22 MP: 0/0
   189 | D:3      | Reached XP level 2. HP: 29/29 MP: 1/1
   199 | D:3      | Found a snail-covered altar of Cheibriados.
   229 | D:3      | Reached XP level 3. HP: 23/36 MP: 2/2
   231 | D:3      | Reached skill level 4 in Unarmed Combat
   270 | D:4      | HP: 1/36 [jackal (1)]
   273 | D:4      | Succumbed to an adder's poison

Vault maps used:
D:1:      onia_arrival_mini_maze
D:2:      nicolae_overflow_hidden_temple
D:3:      cheibriados_altar_1, minivault_19, grunt_gozag_breadcrumbs, uniq_robin
D:4:      kennysheep_mini_moat, lemuel_another_geyser, uniq_crazy_yiuf_cottage,
          uniq_grinder

Skill      XL: |  1  2  3 |
---------------+----------+-----
Unarmed Combat | 4 |  4.1
Fighting       | |  2.8
Dodging        | |  2.8

Action                   || total
-------------------------++-------
Melee: Unarmed           ||    69
Invok: Berserk           ||     1
 Stab: Sleeping          ||     1
  Eat: Chunk             ||     3
Armor: Animal skin       ||    17
Dodge: Dodged            ||    30
